Map: [ESL] Dragon Scales

Players

SKillous - Winner!

  • Race: Protoss Protoss
  • League: Grandmaster
  • Spawn Location: 5:00

Solar

  • Race: Zerg Zerg
  • League: Master
  • Spawn Location: 11:00

Event: HomeStory Cup XXIII

VOD

Have the link to the VOD?

Description

Time

  • Played on: June 30, 2023, 3:10 p.m.
  • Length: 6:42

All games in this series

Show
View Real Time Build Order
Export as new Build Order

SKillous Protoss - Winner!

Build Orders: 1 Gate Expand, Oracle Opening 

Get SALT Encoding   

  12  0:00  Probe  
  13  0:14  Pylon  
  13  0:17  Probe (Chrono Boost)  
  14  0:27  Probe (Chrono Boost)  
  15  0:32  Probe (Chrono Boost)  
  16  0:38  Gateway  
  16  0:44  Probe  
  16  0:48  Assimilator  
  17  0:56  Probe  
  18  1:08  Probe  
  19  1:20  Probe  
  20  1:27  Nexus  
  20  1:36  Cybernetics Core  
  20  1:38  Probe  
  21  1:46  Assimilator  
  21  1:50  Probe  
  22  1:54  Pylon  
  22  2:03  Probe (Chrono Boost)  
  23  2:09  Adept (Chrono Boost)  
  23  2:13  Warp Gate  
  23  2:15  Probe (Chrono Boost)  
  27  2:23  Probe (Chrono Boost)  
  27  2:27  Stargate  
  27  2:30  Probe (Chrono Boost)  
  27  2:36  Stalker  
  30  2:39  Probe (Chrono Boost)  
  32  2:48  Probe x2 (Chrono Boost)  
  33  2:53  Probe (Chrono Boost)  
  33  2:54  Probe  
  35  3:05  Probe, Gateway  
  36  3:07  Oracle (Chrono Boost)  
  36  3:12  Probe  
  40  3:18  Probe, Pylon  
  40  3:19  Adept  
  43  3:24  Probe  
  44  3:30  Probe  
  45  3:35  Oracle (Chrono Boost)  
  45  3:36  Probe  
  45  3:38  Pylon  
  49  3:46  Probe  
  51  3:48  Probe  
  51  3:56  Twilight Council  
  51  3:58  Probe  
  52  4:05  Probe  
  53  4:16  Nexus, Probe  
  54  4:17  Pylon, Gateway  
  54  4:18  Gateway  
  54  4:22  Probe  
  55  4:24  Adept  
  55  4:26  Blink (Chrono Boost)  
  57  4:34  Probe x2  
  55  4:46  Probe x2  
  55  4:48  Stalker  
  55  4:49  Stalker  
  55  4:50  Assimilator  
  61  4:52  Assimilator  
  61  4:55  Gateway  
  61  4:56  Gateway  
  61  4:58  Probe  
  62  5:02  Probe  
  63  5:08  Pylon  
  63  5:10  Probe  
  64  5:14  Stalker x2  
  64  5:17  Probe  
  69  5:26  Stalker x2  
  74  5:29  Probe, Shield Battery  
  76  5:37  Shield Battery  
  76  5:38  Pylon  
  76  5:40  Stalker  
  76  5:41  Shield Battery  
  76  5:42  Stalker  
  78  5:44  Shield Battery  
  78  5:50  Stalker  
  78  5:53  Pylon  
  78  5:54  Stalker  
  82  5:57  Stalker  
  82  6:01  Stalker  
  81  6:04  Probe x2  
  81  6:11  Stalker x2  
  84  6:15  Stalker  
  82  6:26  Stalker x2  
  82  6:29  Probe x2  
  86  6:33  Stalker  
Show
View Real Time Build Order
Export as new Build Order

Solar Zerg 

Build Orders: Hatch First 

Get SALT Encoding   

  12  0:00  Drone  
  13  0:12  Overlord  
  13  0:17  Drone  
  14  0:31  Drone x2  
  16  0:44  Drone  
  17  0:52  Hatchery  
  17  0:54  Drone  
  17  0:57  Drone  
  18  1:08  Extractor  
  17  1:13  Spawning Pool  
  17  1:16  Drone  
  17  1:19  Drone  
  18  1:28  Drone  
  19  1:38  Drone  
  20  1:49  Overlord  
  20  2:00  Queen  
  22  2:03  Queen  
  22  2:05  Zergling x4  
  26  2:11  Drone  
  26  2:12  Metabolic Boost  
  26  2:15  Drone  
  28  2:23  Drone  
  28  2:26  Drone  
  30  2:36  Hatchery  
  29  2:38  Zergling x2  
  30  2:46  Queen  
  30  2:50  Overlord  
  32  2:52  Drone  
  32  2:54  Drone  
  32  2:57  Drone  
  35  2:59  Drone  
  36  3:08  Queen  
  36  3:11  Drone x2  
  40  3:14  Drone  
  40  3:15  Drone  
  40  3:19  Overlord  
  42  3:21  Drone  
  42  3:26  Zergling x2  
  44  3:34  Overlord  
  44  3:37  Queen  
  44  3:38  Drone  
  47  3:43  Drone x2  
  47  3:44  Overlord  
  47  3:46  Drone  
  49  3:49  Drone x2  
  49  3:53  Roach Warren  
  50  3:57  Zergling x4  
  50  3:59  Drone  
  53  4:06  Spore Crawler  
  53  4:09  Drone x2, Spore Crawler  
  53  4:11  Drone x2  
  53  4:14  Overlord  
  55  4:17  Drone  
  55  4:18  Drone  
  55  4:19  Drone  
  55  4:23  Drone x2  
  60  4:25  Extractor  
  60  4:26  Spore Crawler  
  60  4:29  Zergling x4  
  60  4:31  Zergling x2  
  60  4:33  Zergling x2  
  55  4:39  Drone  
  55  4:43  Drone x2  
  54  4:50  Roach x3  
  54  4:52  Roach  
  62  4:56  Roach  
  62  4:58  Roach  
  66  5:02  Roach  
  66  5:04  Roach  
  66  5:07  Overlord  
  70  5:09  Roach  
  70  5:12  Overlord  
  72  5:17  Overlord  
  72  5:21  Overlord  
  72  5:26  Zergling x4  
  74  5:29  Overlord  
  74  5:32  Ravager x2  
  74  5:34  Zergling x8  
  80  5:36  Zergling x2  
  80  5:38  Ravager  
  80  5:39  Zergling x2  
  80  5:40  Zergling x2  
  80  5:42  Zergling x2  
  85  5:43  Zergling x2  
  85  5:46  Zergling x2  
  85  5:47  Zergling x2  
  85  5:48  Zergling x2  
  88  5:52  Ravager  
  88  5:53  Zergling x4  
  88  5:56  Zergling x4  
  92  6:00  Zergling x4  
  92  6:01  Zergling x2  
  92  6:03  Zergling x2  
  91  6:06  Zergling x4  
  91  6:09  Zergling x4  
  91  6:13  Zergling x4  
  91  6:17  Zergling x6  
  84  6:21  Zergling x4  
Tags
 
Add a new tag
Caveats
  • Supply blocks, unpowered buildings, or Contaminate may cause inaccurate times.
  • Supply counts are checked every 10 seconds.